 Dungeon Crawl Stone Soup version 0.31.0-32-g396128a36d (webtiles) character file.

Game seed: 10356916160695593596

2613 Peloso the Carver (level 9, 0/78 HPs)
             Began as a Minotaur Fighter on Apr 15, 2024.
             Was an Initiate of Okawaru.
             Shot with a sling bullet by Joseph (11 damage)
             ... on level 7 of the Dungeon.
             The game lasted 00:11:14 (6061 turns).

Peloso the Carver (Minotaur Fighter)                Turns: 6061, Time: 00:11:15

Health: 0/78       AC: 13    Str: 20    XL:     9   Next: 34%
Magic:  8/8        EV:  9    Int:  5    God:    Okawaru [......]
Gold:   273        SH:  6    Dex: 15    Spells: 8/8 levels left

rFire   . . .        a - +1 long sword
rCold   + . .        d - +0 buckler
rNeg    . . .        t - +0 chain mail
rPois   .            (helmet restricted)
rElec   .            c - +1 cloak
rCorr   .            (no gloves)
SInv    .            (no boots)
Will    .....        (no amulet) Stlth
                     h - ring of flight
HPRegen 0.33/turn    o - ring of protection from cold
MPRegen 0.11/turn

%: no passive effects
@: flying
A: horns 2, retaliatory headbutt
a: Renounce Religion


You were on level 7 of the Dungeon.
You worshipped Okawaru.
Okawaru was noncommittal.
You visited 2 branches of the dungeon, and saw 8 of its levels.
You also visited: Sewer.

You collected 319 gold pieces.
You spent 46 gold pieces at shops.

Inventory:

Hand Weapons
 a - a +1 long sword (weapon)
Armour
 b - a +0 scale mail
 c - a +1 cloak (worn)
 d - a +0 buckler (worn)
 t - a +0 chain mail (worn)
Jewellery
 h - a ring of flight (left hand)
 o - a ring of protection from cold (right hand)
 A - an amulet of guardian spirit
Talismans
 v - a blade talisman
 z - a serpent talisman
Wands
 i - a wand of polymorph (5)
 s - a wand of light (4)
Scrolls
 j - 3 scrolls of revelation
 u - a scroll of poison
 w - 2 scrolls of blinking
 y - a scroll of torment {unknown}
 B - a scroll of noise {unknown}
 C - a scroll of identify
 D - a scroll of vulnerability {unknown}
 E - a scroll of fog {unknown}
Potions
 e - 2 potions of mutation
 f - 2 potions of ambrosia {unknown}
 g - a potion of haste
 k - a potion of magic {unknown}
 l - 2 potions of brilliance {unknown}
 m - a potion of heal wounds {unknown}
 n - a potion of attraction {unknown}
 p - 6 potions of curing
 q - 3 potions of might
 r - a potion of experience {unknown}
 x - a potion of invisibility {unknown}


   Skills:
 + Level 6.7 Fighting
 + Level 10.0 Long Blades
 + Level 8.3 Armour
 + Level 3.7 Dodging
 + Level 0.4 Stealth
 + Level 6.5 Shields


You had 8 spell levels left.
You didn't know any spells.
Your spell library contained the following spells:

 Spells                   Type           Power      Damage    Failure   Level
 Magic Dart               Conj           0%         1d3       98%         1
 Blink                    Tloc           0%         N/A       99%         2
 Lesser Beckoning         Tloc           0%         N/A       99%         2
 Momentum Strike          Conj/Tloc      0%         3d8       99%         2
 Frozen Ramparts          Ice            0%         1d1       100%        3
 Leda's Liquefaction      Alch/Erth      0%         N/A       100%        4
 Petrify                  Alch/Erth      0%         N/A       100%        4
 Metabolic Englaciation   Hex/Ice        0%         N/A       100%        5
 Call Imp                 Summ           Unusable   N/A       N/A         2

Dungeon Overview and Level Annotations

Branches:
Dungeon (7/15)             Temple (1/1) D:6           Sewer (visited)

Altars:
Ashenzari
Cheibriados
Dithmenos
Fedhas
Hepliaklqana
Kikubaaqudgha
Makhleb
Nemelex Xobeh
Okawaru
Qazlal
Ru
Sif Muna
Uskayaw
Vehumet
Xom
Zin

Shops:
D:6 *

Annotations:
D:5 2 transporters
D:7 Joseph


Innate Abilities, Weirdness & Mutations

You have a pair of horns on your head.
You reflexively headbutt those who attack you in melee.


Message History

The gnoll hits you from afar with a +0 halberd.
Joseph hits you but does no damage.
You hit Joseph.
Joseph is lightly wounded.
The gnoll hits you but does no damage.
You barely miss Joseph. You headbutt Joseph.
Joseph is moderately wounded.
A kobold comes into view. It is wielding a +4 dagger.
Joseph barely misses you. You furiously retaliate!
You headbutt Joseph, but do no damage. The gnoll closely misses you.
The kobold shouts!
You hit Joseph but do no damage.
Joseph is moderately wounded.
You block the gnoll's attack.
You hit Joseph but do no damage. Your headbutt misses Joseph.
Joseph is moderately wounded.
Joseph hits you with a +2 heavy quarterstaff!
* * * LOW HITPOINT WARNING * * *
You block the gnoll's attack.
You slash Joseph!
Joseph is heavily wounded.
Joseph hits you with a +2 heavy quarterstaff.
* * * LOW HITPOINT WARNING * * *
The gnoll barely misses you.
You slash Joseph! Your headbutt misses Joseph.
Joseph is heavily wounded.
A kobold comes into view. It is wielding a +0 dagger.
The gnoll hits you but does no damage.
You closely miss Joseph. You headbutt Joseph.
Joseph is heavily wounded.
Joseph hits you with a +2 heavy quarterstaff!
* * * LOW HITPOINT WARNING * * *
You block the gnoll's attack.
You barely miss Joseph. You headbutt Joseph.
Joseph is severely wounded.
You feel better. You block Joseph's attack. You block the gnoll's attack.
Joseph unwields a +2 heavy quarterstaff.
Joseph wields a +0 sling.
Joseph shoots a sling bullet.
The sling bullet hits you!
You die...

.............## #.#
..#............ ...
..#....>....... .K#
#.#.........### #g# #.#..>......#
#.# #.#.........# #@#
#.#......[..#### #ยง#
#..............##########.#
............##^.@)@gKKKK.K#
###.........#############.......#
########.#### #########
.........# ##########


You could see Joseph, a kobold brigand, a gnoll and 3 kobolds.

Vanquished Creatures
  Pikel (D:4)
  Grinder (D:6)
  An orc warrior (D:6)
  2 sky beasts
  2 black bears
  A phantom (D:6)
  2 bullfrogs (Sewer)
  A scorpion (D:4)
  5 killer bees (D:7)
  An electric eel (D:6)
  2 bombardier beetles
  2 howler monkeys (D:6)
  3 hounds
  2 orc priests
  2 jellies
  A gnoll bouda (D:7)
  3 iguanas
  A sleepcap (D:6)
  3 orc wizards
  Robin (D:2)
  7 gnolls
  14 adders
  5 river rats
  A white imp (D:7)
  2 ufetubi (D:5)
  4 dart slugs
  A ribbon worm (D:4)
  11 orcs
  4 bats
  7 endoplasms
  4 giant cockroaches
  9 hobgoblins
  7 kobolds
  7 quokkas
  12 ball pythons
  5 frilled lizards
  18 goblins
  29 rats
184 creatures vanquished.

Notes
Turn   | Place    | Note
-------+----------+-------------------------------------------
     0 | D:1      | Peloso the Minotaur Fighter began the quest for the Orb.
     0 | D:1      | Reached XP level 1. HP: 19/19 MP: 0/0
   110 | D:1      | Reached XP level 2. HP: 27/27 MP: 1/1
   362 | D:1      | Reached XP level 3. HP: 32/33 MP: 2/2
   683 | D:2      | Reached skill level 3 in Long Blades
   749 | D:2      | Found a sacrificial altar of Ru.
   770 | D:2      | Reached XP level 4. HP: 40/40 MP: 3/3
   778 | D:2      | Noticed Robin
   792 | D:2      | Killed Robin
  1323 | D:3      | Reached skill level 5 in Armour
  1323 | D:3      | Reached XP level 5. HP: 26/47 MP: 4/4
  1326 | D:3      | Reached skill level 4 in Long Blades
  1563 | D:3      | Found a stormy altar of Qazlal.
  1809 | D:3      | Found a glowing silver altar of Zin.
  2097 | D:4      | Reached skill level 1 in Dodging
  2210 | D:4      | Reached XP level 6. HP: 44/50 MP: 5/5
  2242 | D:4      | Noticed Pikel
  2271 | D:4      | Killed Pikel
  2272 | D:4      | Reached skill level 5 in Fighting
  2272 | D:4      | Reached skill level 6 in Long Blades
  2272 | D:4      | Reached skill level 5 in Shields
  2272 | D:4      | Reached XP level 7. HP: 7/61 MP: 6/6
  2886 | D:4      | Found a shadowy altar of Dithmenos.
  3058 | D:5      | Entered Level 5 of the Dungeon
  3122 | D:5      | Found a glowing drain.
  3126 | Sewer    | Entered a sewer
  3217 | Sewer    | Reached skill level 7 in Long Blades
  3466 | Sewer    | Reached XP level 8. HP: 12/70 MP: 7/7
  3865 | D:5      | Found a transporter.
  4095 | D:5      | Reached skill level 8 in Long Blades
  4536 | D:5      | Found a transporter.
  5098 | D:6      | Noticed Grinder
  5114 | D:6      | Killed Grinder
  5135 | D:6      | Reached skill level 9 in Long Blades
  5142 | D:6      | Reached XP level 9. HP: 46/78 MP: 8/8
  5301 | D:6      | Found a staircase to the Ecumenical Temple.
  5314 | Temple   | Entered the Ecumenical Temple
  5327 | Temple   | Became a worshipper of Warmaster Okawaru
  5393 | D:6      | Found Gipugum's Assorted Antiques.
  5404 | D:6      | Bought a smoky grey potion for 23 gold pieces
  5404 | D:6      | Bought a gluggy blue potion for 23 gold pieces
  5544 | D:6      | Identified the +3 pair of gloves of Dogma {-Tele rCorr
                  | Str+6}
  5987 | D:7      | Noticed Joseph
  6025 | D:7      | Reached skill level 10 in Long Blades
  6058 | D:7      | HP: 1/78 [Joseph/+2 heavy quarterstaff (14)]
  6061 | D:7      | Shot with a sling bullet by Joseph

Illustrated notes

Levels and vault maps discovered:
D:1:      dpeg_arrival_rhombus, layout_loops_ring,
          chequers_serial_rivers_micro_d, minmay_cut_off
D:2:      layout_rooms, basic_altar, hex_medium, uniq_robin
D:3:      layout_basic, zin_academy, grunt_qazlal_clouds, serial_bayou,
          serial_bayou_shore_a, serial_bayou_lagoon_b, serial_bayou_pond_c,
          serial_bayou_crossing, serial_bayou_pond_b, bh_walls_and_bars
D:4:      layout_basic, nicolae_dithmenos_through_a_glass_darkly,
          minmay_strange_pillars, uniq_pikel
D:5:      gammafunk_cloud_chamber, layout_layer_cave, gup_sewer_entry_bowl
D:6:      layout_loops_cross, minmay_temple_entry_water_ring, serial_shops,
          shop, st_stairs_6, chequers_big_river, uniq_grinder
D:7:      layout_loops_ring, mainiacjoe_overflow_catwalk, uniq_joseph
Temple:   nicolae_temple_ecumenical_triangle

Skill      XL: |  1  2  3  4  5  6  7  8  9 |
---------------+----------------------------+-----
Fighting       | 4 5 6 |  6.7
Armour         | 4 5 6 7 8 |  8.3
Shields        | 4 5 6 |  6.5
Long Blades    | 3 4 6 7 9 10 | 10.0
Dodging        | 1 2 3 |  3.7
Stealth        | |  0.4

Action                     |  1- 3 |  4- 6 |  7- 9 || total
---------------------------+-------+-------+-------++-------
  Melee: Long sword        |    68 |   119 |   325 ||   512
         Headbutt          |    14 |    21 |    51 ||    86
  Evoke: Wand              |       |       |     1 ||     1
    Use: Scroll            |     1 |     1 |     8 ||    10
         Potion            |       |     1 |     3 ||     4
 Armour: Scale mail        |    52 |    96 |   184 ||   332
         Chain mail        |       |       |    66 ||    66
  Dodge: Dodged            |    35 |    66 |   170 ||   271
  Block: Buckler           |    15 |    38 |    84 ||   137
